vs ANGRYBIRDS and XUFE

Match 43727435
End
Construct Section Command Post
Vickers Machine Gun Team
Infantry Section
Dingo Light Scout Car
Infantry Section
Royal Engineer Section
Construct Platoon Command Post
Construct Field Infirmary
Construct Field Infirmary
Humber Armored Car
Infantry Section
Infantry Training
Construct Company Command Post
Selects Heavy Armor Battlegroup
Selects Light Vehicle Withdraw and Refit
Selects UNKNOWN (202330)
Crusader AA Medium Tank
Selects Designate Targets
Designate Targets
Grenade Package
6-pounder Anti-tank Gun Team
Crusader AA Medium Tank
Designate Targets
Crusader AA Medium Tank
Designate Targets
Armored Vehicle Training
Selects Rigorous Vehicle Training
Selects Forward Repair Assembly
Designate Targets
Crusader AA Medium Tank
6-pounder Anti-tank Gun Team
Designate Targets
Designate Targets
Mike
ArmouredTopHat
Angrybirds
Xufe
0
0

Comments sign in to comment!

No comments posted yet!